 Dungeon Crawl Stone Soup version 0.19-a0-1109-g16db51f (webtiles) character file.

96 MrRokkomies the Chiller (level 4, -6/37 HPs)
             Began as a Demigod Ice Elementalist on Aug 10, 2016.
             Mangled by a gnoll
             ... wielding a +2 vampiric halberd
              (7 damage)
             ... on level 3 of the Dungeon.
             The game lasted 00:05:28 (2206 turns).

MrRokkomies the Chiller (Demigod Ice Elementalist)  Turns: 2206, Time: 00:05:29

Health: -6/37      AC: 13    Str: 13    XL:     4   Next: 18%
Magic:  9/9        EV:  3    Int: 19    God:
Gold:   107        SH:  0    Dex: 16    Spells: 2 memorised, 2 levels left

rFire  . . .     SeeInvis .     p - +0 mace
rCold  . . .     Gourm    .     q - +0 plate armour (curse)
rNeg   . . .     Faith    .     (no shield)
rPois  .         Spirit   .     j - +1 helmet
rElec  .         Dismiss  .     m - +0 cloak
rCorr  .         Reflect  .     (no gloves)
SustAt +         Harm     .     (no boots)
MR     .....                    (no amulet)
Stlth  ..........               (no ring)
                                f - ring of wizardry

@:
A: high mp 1, sustain attributes
a: no special abilities


You were on level 3 of the Dungeon.
You were hungry.

You visited 1 branch of the dungeon, and saw 3 of its levels.

You collected 107 gold pieces.

Inventory:

Hand Weapons
 p - a +0 mace (weapon)
Missiles
 n - 22 sling bullets
Armour
 a - a +0 robe
 j - a +1 helmet (worn)
 m - a +0 cloak (worn)
 q - a cursed +0 plate armour (worn)
Jewellery
 f - a ring of wizardry (left hand)
Scrolls
 h - a scroll of amnesia
Potions
 d - 2 potions of lignification
 e - 2 potions of curing
Books
 b - a book of Frost

   Spells                             Type                      Level
   a - Freeze                         Ice                          1
   b - Throw Frost                    Conjuration/Ice              2
   c - Ozocubu's Armour               Charms/Ice                   3
   d - Throw Icicle                   Conjuration/Ice              4
   e - Summon Ice Beast               Ice/Summoning                4
Comestibles
 c - 3 bread rations
 g - 2 meat rations
 l - a fruit


   Skills:
 * Level 2.4 Fighting
 - Level 1.7 Dodging
 - Level 1.7 Stealth
 - Level 1.7 Spellcasting
   Level 0.8 Conjurations
 * Level 3.9 Ice Magic


You had 2 spell levels left.
You knew the following spells:

 Your Spells              Type           Power        Failure   Level  Hunger
a - Freeze                Ice            ###.         99%         1    #......
b - Ozocubu's Armour      Chrm/Ice       #.......     100%        3    ###....


Dungeon Overview and Level Annotations

Branches:
Dungeon (3/15)


Innate Abilities, Weirdness & Mutations

You have an increased reservoir of magic. (+10% MP)
Your attributes are resistant to harm.


Message History

Okay, then.
Unknown command.
You hit the gnoll.
The gnoll is moderately wounded.
The gnoll hits you with a club.
You hit the gnoll.
The gnoll is heavily wounded.
The gnoll hits you with a club.
* * * LOW HITPOINT WARNING * * *
The gnoll hits you but does no damage.
Your plate armour prevents you from hitting the gnoll.
The gnoll is heavily wounded.
The gnoll hits you but does no damage.
The gnoll hits you from afar with a vampiric halberd!
* * * LOW HITPOINT WARNING * * *
The gnoll hits you but does no damage.
You hit the gnoll but do no damage.
The gnoll is heavily wounded.
The gnoll hits you from afar with a vampiric halberd!
You die...

#.##.#..#########..#####
...
#.#......[...........
#.##
#.#.###########.##### #.
#.#.# #.# .####.#.# #.#
......#.###########.#
.......g..g)).......#
######g#######.....#
#.......@.....#....$...
#.##....#####.#.....##.
#<..... #.....# ####.##
####.## .. .# ##. .. #.
..


You could see 2 gnolls.

Vanquished Creatures
  2 gnolls (D:3)
  An adder (D:2)
  2 oozes
  2 worms (D:2)
  A giant gecko (D:2)
  8 bats
  2 giant cockroaches (D:2)
  10 goblins
  6 hobgoblins
  4 jackals
  A ball python (D:1)
  2 giant newts (D:1)
  3 kobolds
  9 rats
53 creatures vanquished.

Notes
Turn   | Place    | Note
-------+----------+-------------------------------------------
     0 | D:1      | MrRokkomies the Demigod Ice Elementalist began the quest for the Orb.
     0 | D:1      | Reached XP level 1. HP: 14/14 MP: 5/5
   101 | D:1      | Reached skill level 1 in Fighting
   319 | D:1      | Reached skill level 3 in Ice Magic
   319 | D:1      | Reached XP level 2. HP: 23/23 MP: 7/7
  1125 | D:2      | Found a faded altar of an unknown god.
  1133 | D:2      | Reached XP level 3. HP: 28/29 MP: 8/8
  1496 | D:2      | Found a hide-covered altar of Uskayaw.
  1771 | D:2      | Learned a level 3 spell: Ozocubu's Armour
  2185 | D:3      | Reached XP level 4. HP: 24/37 MP: 9/9
  2205 | D:3      | HP: 1/37 [gnoll/vampiric halberd (9)]
  2206 | D:3      | Mangled by a gnoll

Vault maps used:
D:1:      lightli_arrival_lavapool
D:2:      nicolae_overflow_hidden_temple, ecumenical_altar_2,
          hangedman_decor_growths
D:3:      old_standard_altar, first_bread, uniq_sigmund

Skill      XL: |  1  2  3 |
---------------+----------+-----
Fighting       | 1 2 |  2.4
Ice Magic      | 3 |  3.9
Dodging        | |  1.7
Stealth        | |  1.7
Spellcasting   | |  1.7
Conjurations   | |  0.8

Action                   |  1- 3 |  4- 6 || total
-------------------------+-------+-------++-------
Melee: Dagger            |   215 |       ||   215
       Mace              |     9 |    15 ||    24
 Cast: Freeze            |    19 |       ||    19
  Use: Scroll            |     9 |       ||     9
       Potion            |     1 |       ||     1
 Stab: Sleeping          |     3 |       ||     3
  Eat: Chunk             |     4 |       ||     4
Armor: Robe              |    61 |       ||    61
       Plate armour      |    17 |    12 ||    29
Dodge: Dodged            |   159 |     2 ||   161
